 Dungeon Crawl Stone Soup version 0.31-a0-236-g9a0961fb85 (webtiles) character file.

Game seed: 8750326233615198899

270 qw the Shooter (level 6, 0/37 HPs)
             Began as a Gargoyle Hexslinger on July 9, 2023.
             Shot with an arrow by a centaur (5 damage)
             ... on level 5 of the Dungeon.
             The game lasted 00:01:08 (2680 turns).

qw the Shooter (Gargoyle Hexslinger)                Turns: 2680, Time: 00:01:08

Health: 0/37       AC: 13    Str: 12    XL:     6   Next: 22%
Magic:  7/7        EV: 11    Int: 15    God:
Gold:   166        SH:  0    Dex: 17    Spells: 6/7 levels left

rFire   . . .        c - +2 sling (heavy)
rCold   . . .        (no shield)
rNeg    + . .        i - +3 leather armour of Honesty {Int+2 Dex+3}
rPois   inf          (no helmet)
rElec   +            (no cloak)
rCorr   .            k - +2 pair of gloves
SInv    .            (no boots)
Will    .....        (no amulet)
Stlth   +            (no ring)
HPRegen 0.26/turn    (no ring)
MPRegen 0.10/turn

%: no passive effects
@: no status effects
A: sickness immunity, AC +4, negative energy resistance 1, electricity
resistance, torment resistance 1, petrification resistance
a: no special abilities


You were on level 5 of the Dungeon.
You visited 1 branch of the dungeon, and saw 5 of its levels.

You collected 166 gold pieces.


Innate Abilities, Weirdness & Mutations

You are immune to sickness and miasma.
Your stone body is resilient. (AC +4)
You are immune to poison.
You resist negative energy. (rN+)
You are resistant to electric shocks. (rElec)
You are resistant to unholy torment.
You are immune to petrification.


   Skills:
 - Level 3.2 Fighting
 + Level 5.6 Ranged Weapons
 - Level 1.5 Dodging
 - Level 1.0 Spellcasting
 - Level 2.6 Hexes


You had 6 spell levels left.
You knew the following spells:

 Your Spells              Type           Power      Damage    Failure   Level
a - Slow                  Hex            32%        N/A       11%         1

Your spell library contained the following spells:

 Spells                   Type           Power      Damage    Failure   Level
 Inner Flame              Hex/Fire       4%         N/A       47%         3
 Portal Projectile        Hex/Tloc       8%         N/A       47%         3
 Cause Fear               Hex            4%         N/A       71%         4

Inventory:

Hand Weapons
 c - a +2 heavy sling (weapon)
Armour
 i - the +3 leather armour of Honesty (worn) {Int+2 Dex+3}
   (You found it on level 2 of the Dungeon)

   Int:       It affects your intelligence (+2).
   Dex:       It affects your dexterity (+3).
 k - a +2 pair of gloves (worn)
Jewellery
 j - a ring of fire
Potions
 b - a potion of heal wounds {unknown}
 d - a potion of enlightenment {unknown}
 e - a potion of curing
 f - a potion of mutation {unknown}
 g - 2 potions of haste
 h - a potion of berserk rage {unknown}

Dungeon Overview and Level Annotations

Branches:
Dungeon (5/15)
 Temple: D:4-7

Altars:
Sif Muna

Shops:
D:4 :(


Message History

It is a scroll of brand weapon.
Your +2 sling becomes incredibly heavy!
Y - a +2 heavy sling (weapon)
Done exploring.
2620 ||| READING scroll labelled ZYSATU ALOPN.
As you read the scroll labelled ZYSATU ALOPN, it crumbles to dust.
Wisps of shadow whirl around you...
It was a scroll of summoning.
Done exploring.
2621 ||| DRINKING 2 bubbling cyan potions.
It was a potion of curing.
You feel better.
Done exploring.
(D) Dungeon
Where to? (* - list waypoints, Enter - D:4, ? - help)
What level of the Dungeon? (default 1, ? - help)
There is a stone staircase leading down here.
You climb downwards.
Your summoned allies are left behind.
There is a stone staircase leading up here.
Waypoint 4 assigned to D:5.
A centaur comes into view.
You shoot a sling bullet. The sling bullet hits the centaur!
The centaur shouts!
The centaur is heavily wounded.
The centaur wields a +0 orcbow.
The centaur shoots an arrow.
The arrow hits you.
The centaur shoots an arrow.
The arrow closely misses you.
You shoot a sling bullet. The sling bullet hits the centaur.
The centaur is heavily wounded.
The centaur shoots an arrow.
The arrow hits you but does no damage.
The centaur shoots an arrow.
The arrow hits you!
You shoot a sling bullet.
The sling bullet barely misses the centaur.
The centaur shoots an arrow.
The arrow hits you.
The centaur shoots an arrow.
The arrow barely misses you.
You shoot a sling bullet.
The sling bullet barely misses the centaur.
The centaur shoots an arrow.
The arrow hits you but does no damage.
The centaur shoots an arrow.
The arrow hits you!
You shoot a sling bullet. The sling bullet hits the centaur!
The centaur is severely wounded.
The centaur shoots an arrow.
The arrow hits you.
The centaur shoots an arrow.
The arrow hits you.
The centaur shoots an arrow.
The arrow hits you.
You die...

########## #........#
##### #.######.# #....
#.# #.# #.### ########.#
####.####.### #........#
#............
#.#####..###.##...##....
#...c##............#####
#...@.....##...##
#....##.########<## #.#.
#.# #.# # #.# #.# ..#
#+# ###


You could see a centaur.

Vanquished Creatures
  A scorpion (D:4)
  A jelly (D:4)
  A sleepcap (D:4)
  A gnoll (D:1)
  5 adders
  A dart slug (D:1)
  3 orcs (D:4)
  6 endoplasms
  5 giant cockroaches
  6 goblins
  7 hobgoblins
  8 jackals
  10 kobolds
  8 quokkas
  9 ball pythons
  11 bats
  4 frilled lizards
  4 rats
91 creatures vanquished.

Notes
Turn   | Place    | Note
-------+----------+-------------------------------------------
     0 | D:1      | qw the Gargoyle Hexslinger began the quest for the Orb.
     0 | D:1      | Reached XP level 1. HP: 12/12 MP: 2/2
     0 | D:1      | 0 ||| qw: Version: 0.3-a-51-g015441d
     0 | D:1      | 0 ||| qw: Game counter: 4444
     0 | D:1      | 0 ||| qw: Melee chars always use a shield: true
     0 | D:1      | 0 ||| qw: God list: Okawaru
     0 | D:1      | 0 ||| qw: Allow faded altars: false
     0 | D:1      | 0 ||| qw: Do Orc after clearing Dungeon:15 true
     0 | D:1      | 0 ||| qw: Do second Lair branch before Depths: true
     0 | D:1      | 0 ||| qw: Lair rune preference: random
     0 | D:1      | 0 ||| qw: Goals: Normal
     0 | D:1      | 0 ||| PLANNING D:1-11
   108 | D:1      | Reached skill level 3 in Ranged Weapons
   108 | D:1      | Reached XP level 2. HP: 9/16 MP: 3/3
   233 | D:1      | Reached XP level 3. HP: 21/21 MP: 4/4
   588 | D:1      | 588 ||| DRINKING 3 yellow potions.
   589 | D:1      | 589 ||| DROPPING scroll of poison.
   590 | D:1      | 590 ||| DROPPING 2 potions of invisibility.
   799 | D:2      | Reached XP level 4. HP: 26/26 MP: 5/5
  1024 | D:2      | Reached skill level 4 in Ranged Weapons
  1040 | D:2      | Identified the +3 leather armour of Honesty {Int+2 Dex+3}
  1123 | D:2      | Found a shimmering blue altar of Sif Muna.
  1173 | D:2      | Found a faded altar of an unknown god.
  1235 | D:2      | 1235 ||| UPGRADING to +3 leather armour of Honesty {Int+2
                  | Dex+3}.
  1245 | D:2      | 1245 ||| DROPPING +0 robe.
  1246 | D:2      | 1246 ||| READING scroll labelled QANNOR TIMAEPT.
  1549 | D:3      | Identified the +5 long sword "Meont" {protect, Dex+8}
  1971 | D:3      | 1971 ||| READING scroll labelled XIFO CAB PIO.
  1972 | D:3      | 1972 ||| READING scroll labelled ESSOCWOSAR.
  1973 | D:3      | 1973 ||| READING scroll labelled FIDWOX ZOAMUUPS.
  1974 | D:3      | 1974 ||| READING scroll labelled GAXA QUGUYBLU.
  2075 | D:3      | 2075 ||| DRINKING 3 bubbling brown potions.
  2138 | D:4      | Reached XP level 5. HP: 30/30 MP: 6/6
  2247 | D:4      | Reached skill level 5 in Ranged Weapons
  2265 | D:4      | Reached XP level 6. HP: 36/36 MP: 7/7
  2302 | D:4      | Reached skill level 3 in Fighting
  2352 | D:4      | Found Ihom's Weapon Shoppe.
  2374 | D:4      | Found Seblaysa's Book Shop.
  2614 | D:4      | 2614 ||| UPGRADING to +2 pair of gloves.
  2619 | D:4      | 2619 ||| READING scroll labelled EQEROE YSTRU.
  2620 | D:4      | 2620 ||| READING scroll labelled ZYSATU ALOPN.
  2621 | D:4      | 2621 ||| DRINKING 2 bubbling cyan potions.
  2639 | D:5      | Entered Level 5 of the Dungeon
  2680 | D:5      | HP: 5/37 [centaur/arrow (6)]
  2680 | D:5      | Shot with an arrow by a centaur

Levels and vault maps discovered:
D:1:      mrwooster_arrival_statue, layout_rooms, roderic_serpentine_path
D:2:      layout_rooms, basic_altar, chequers_ecumenical_altar_lobes
D:3:      layout_loops_ring
D:4:      layout_cave_pools, serial_shops, nicolae_shop_bloodbath_and_beyond,
          shop
D:5:      layout_loops_corners, marbit_many_paths, grunt_temple_overflow_open,
          serial_shops, shop

Skill      XL: |  1  2  3  4  5  6 |
---------------+-------------------+-----
Ranged Weapons | 3 4 5 |  5.6
Fighting       | 2 3 |  3.2
Dodging        | |  1.5
Spellcasting   | |  1.0
Hexes          | |  2.6

Action                     |  1- 3 |  4- 6 || total
---------------------------+-------+-------++-------
   Fire: Sling             |   120 |   150 ||   270
    Use: Potion            |     1 |     2 ||     3
         Scroll            |       |     7 ||     7
 Armour: Robe              |    26 |     3 ||    29
         Leather armour    |       |    20 ||    20
  Dodge: Dodged            |    63 |    38 ||   101

Table legend:
 A = Non-vault XP
 B = Vault XP
 C = Vault XP percentage of total XP
 D = Non-vault monster count
 E = Vault monster count
 F = Vault count percentage of total count
                 A         B        C        D         E       F
            +---------+---------+-------+---------+---------+-------
      Total |     387 |       0 |   0.0 |      91 |       0 |   0.0
            +---------+---------+-------+---------+---------+-------
        D:1 |      49 |       0 |   0.0 |      20 |       0 |   0.0
        D:2 |      59 |       0 |   0.0 |      30 |       0 |   0.0
        D:3 |      52 |       0 |   0.0 |      17 |       0 |   0.0
        D:4 |     227 |       0 |   0.0 |      24 |       0 |   0.0
            +---------+---------+-------+---------+---------+-------
